 Dungeon Crawl Stone Soup version 0.18.1-1-g2f07953 (webtiles) character file.

53 DrakieV the Gusty (level 3, -1/21 HPs)
             Began as a High Elf Air Elementalist on May 6, 2016.
             Slain by an adder (3 damage)
             ... on level 2 of the Dungeon.
             The game lasted 00:04:45 (1395 turns).

DrakieV the Gusty (High Elf Air Elementalist)       Turns: 1395, Time: 00:04:45

Health: -1/21      AC:  2    Str:  7    XL:     3   Next: 62%
Magic:  5/8        EV: 13    Int: 20    God:
Gold:   55         SH:  0    Dex: 21    Spells: 2 memorised, 5 levels left

rFire  . . .     SeeInvis .     l - +0 dagger (curse)
rCold  . . .     Gourm    .     a - +0 robe
rNeg   . . .     Faith    .     (no shield)
rPois  .         Spirit   .     (no helmet)
rElec  .         Dismiss  .     (no cloak)
rCorr  .         Reflect  .     (no gloves)
SustAt .         Harm     .     (no boots)
MR     .....                    (no amulet)
Stlth  ++........               r - +2 ring of dexterity
                                g - +4 ring of dexterity

@: lethally poisoned (-1 -> -14), repel missiles, not resistant to hostile
enchantments, unstealthy
A: no striking features
a: no special abilities


You were on level 2 of the Dungeon.
You were hungry.

You visited 1 branch of the dungeon, and saw 2 of its levels.

You collected 55 gold pieces.

Inventory:

Hand Weapons
 k - a +2 flail of protection
 l - a cursed +0 dagger (weapon)
Armour
 a - a +0 robe (worn)
Jewellery
 g - a +4 ring of dexterity (left hand)
 r - a +2 ring of dexterity (right hand)
Scrolls
 e - a scroll of identify
Potions
 d - a potion of curing {unknown}
 f - 2 potions of brilliance
 i - a potion of resistance {unknown}
 n - a potion of cancellation {unknown}
Books
 b - a book of Air

   Spells                             Type                      Level
   a - Shock                          Conjuration/Air              1
   b - Swiftness                      Charms/Air                   2
   c - Repel Missiles                 Charms/Air                   2
   d - Static Discharge               Conjuration/Air              3
   e - Lightning Bolt                 Conjuration/Air              5
Comestibles
 c - 2 bread rations
 h - a meat ration
 o - 3 fruits
 p - a chunk of flesh


   Skills:
 - Level 2.1 Dodging
 - Level 2.1 Stealth
 + Level 3.1 Spellcasting
 + Level 2.4 Conjurations
 * Level 4.5 Air Magic


You had 5 spell levels left.
You knew the following spells:

 Your Spells              Type           Power        Failure   Level  Hunger
a - Shock                 Conj/Air       ###.         3%          1    None
r - Repel Missiles        Chrm/Air       ##....       10%         2    ##.....


Dungeon Overview and Level Annotations

Branches:
Dungeon (2/15)

Altars:


Message History

Confirm with . or Enter, or press ? or * to list all spells.
Aiming: Shock
Press: ? - help, Shift-Dir - straight line, f/p - adder
Aim: an adder (moderately wounded)
The zap misses the adder.
You feel sick. The adder bites you.
* * * LOW HITPOINT WARNING * * *
* * * LOW HITPOINT WARNING * * *
You feel sick. The adder bites you.
* * * LOW HITPOINT WARNING * * *
You are more poisoned.
The adder poisons you!
* * * LOW HITPOINT WARNING * * *
You feel sick.
Casting: Shock
Confirm with . or Enter, or press ? or * to list all spells.
Aiming: Shock
Press: ? - help, Shift-Dir - straight line, f/p - adder
Aim: an adder (moderately wounded)
The zap misses the adder.
The adder bites you.
You die...

####******* ##### #..,,,,,,,*
##...## #.#******,*
#.....#######.# *,*
#.............# *,* *****
#........###..# *,* *,,,,
##.#####.# #..######*,* *,***
#.# #.# #.@S....#*,* **,**
#.# #.# #†...†.....#**,,,**
#.# #.####..........,,,,,,,
#.#####...#.......##.#**,,,*,
#.......#,#.....<...,# *****,
####....#,......>.##.* *,
#..#####......##*,# *,
#....#,......## *,* *,
#.##.#,*,***** *,* *,


You could see an adder.

Vanquished Creatures
  An adder (D:2)
  A gnoll (D:1)
  An ooze (D:1)
  A worm (D:2)
  A dart slug (D:2)
  A giant gecko (D:2)
  5 bats
  3 goblins
  5 hobgoblins
  A giant newt (D:1)
  2 kobolds (D:1)
  6 rats
28 creatures vanquished.

Notes
Turn   | Place    | Note
--------------------------------------------------------------
     0 | D:1      | DrakieV the High Elf Air Elementalist began the quest for the Orb.
     0 | D:1      | Reached XP level 1. HP: 11/11 MP: 4/4
   373 | D:1      | Reached XP level 2. HP: 17/17 MP: 3/6
   417 | D:1      | Reached skill level 4 in Air Magic
   473 | D:1      | Learned a level 2 spell: Repel Missiles
  1138 | D:2      | Reached XP level 3. HP: 21/21 MP: 8/8
  1291 | D:2      | Learned a level 2 spell: Repel Missiles
  1394 | D:2      | HP: 1/21 [poisoned by an adder]
  1395 | D:2      | Slain by an adder

Skill      XL: |  1  2  3 |
---------------+----------+-----
Conjurations   | 2 |  2.4
Air Magic      | 4 |  4.5
Spellcasting   | 3 |  3.1
Dodging        | |  2.1
Stealth        | |  2.1

Action                   || total
-------------------------++-------
Melee: Flail             ||    18
       Dagger            ||    13
 Cast: Shock             ||    36
       Repel Missiles    ||     2
  Use: Scroll            ||     4
 Stab: Distracted        ||     1
       Sleeping          ||     4
  Eat: Chunk             ||     1
Armor: Robe              ||     5
Dodge: Dodged            ||    26
